Map: Magannatha LE

Players

SKillous - Winner!

  • Race: Protoss Protoss
  • League: Master
  • Spawn Location: 5:00

ArT

  • Race: Protoss Protoss
  • Spawn Location: 11:00

Event: FEL Cracov 2025

VOD

Have the link to the VOD?

Description

Time

  • Played on: July 27, 2025, 4:43 a.m.
  • Length: 5:10

All games in this series

Show
View Real Time Build Order
Export as new Build Order

SKillous Protoss - Winner!

Build Orders:  

Get SALT Encoding   

  12  0:01  Probe  
  13  0:13  Probe  
  14  0:17  Pylon  
  14  0:24  Probe  
  15  0:32  Probe  
  15  0:37  Gateway  
  15  0:40  Probe  
  16  0:46  Assimilator  
  17  0:51  Probe  
  17  0:54  Assimilator  
  18  0:59  Probe  
  19  1:07  Gateway, Probe  
  19  1:17  Probe  
  20  1:24  Cybernetics Core  
  21  1:29  Probe  
  22  1:36  Pylon  
  22  1:42  Probe  
  23  2:01  Robotics Facility  
  23  2:02  Adept x2  
  23  2:03  Warp Gate  
  27  2:10  Pylon  
  27  2:29  Stalker x2  
  31  2:37  Warp Prism  
  33  2:51  Robotics Bay  
  33  2:58  Stalker  
  35  3:06  Immortal  
  39  3:23  Pylon  
  39  3:46  Disruptor, Pylon  
  43  4:04  Stalker x2  
  43  4:08  Pylon  
  47  4:21  Immortal  
  51  4:32  Adept x2  
  51  4:57  Adept x2  
Show
View Real Time Build Order
Export as new Build Order

ArT Protoss 

Build Orders: 1 Gate Expand, Phoenix Opening 

Get SALT Encoding   

  12  0:00  Probe  
  13  0:12  Probe  
  14  0:17  Pylon  
  14  0:24  Probe  
  15  0:32  Probe  
  15  0:37  Gateway  
  15  0:40  Probe  
  16  0:46  Assimilator  
  17  0:51  Probe  
  18  1:03  Probe  
  19  1:15  Probe  
  20  1:23  Nexus  
  20  1:32  Cybernetics Core  
  20  1:35  Probe  
  21  1:40  Assimilator  
  21  1:46  Warp Gate  
  21  1:47  Probe  
  21  1:49  Pylon  
  22  2:00  Probe  
  23  2:08  Phoenix  
  23  2:09  Sentry  
  23  2:12  Probe  
  23  2:14  Gateway  
  26  2:24  Probe  
  26  2:27  Gateway  
  27  2:32  Sentry  
  27  2:36  Probe  
  27  2:37  Probe  
  31  2:42  Shield Battery  
  31  2:48  Probe  
  31  2:49  Probe  
  33  2:55  Sentry  
  35  3:02  Shield Battery  
  35  3:07  Shield Battery  
  35  3:18  Robotics Facility  
  35  3:21  Probe x2  
  35  3:23  Shield Battery  
  37  3:31  Pylon  
  37  3:36  Stalker x3  
  40  3:44  Probe x2  
  41  3:59  Stalker, Zealot  
  45  4:06  Assimilator  
  45  4:09  Shield Battery  
  45  4:14  Shield Battery  
  45  4:19  Stalker  
  45  4:20  Immortal  
  46  4:31  Probe  
  46  4:38  Zealot  
  49  4:43  Stalker  
  48  4:50  Shield Battery  
  44  4:57  Stalker  
Tags
 
Add a new tag
Caveats
  • Supply blocks, unpowered buildings, or Contaminate may cause inaccurate times.
  • Supply counts are checked every 10 seconds.